 Dungeon Crawl Stone Soup version 0.18.1-8-gdd0e5ea (webtiles) character file.

195 georgeearnest the Conjurer (level 5, 0/40 HPs)
             Began as a Draconian Wanderer on May 22, 2016.
             Was an Initiate of Kikubaaqudgha.
             Slain by a slave (5 damage)
             ... led by Pikel
             ... on level 4 of the Dungeon.
             The game lasted 00:14:06 (4183 turns).

georgeearnest the Conjurer (Draconian Wanderer)     Turns: 4183, Time: 00:14:07

Health: 0/40       AC:  5    Str: 15    XL:     5   Next: 45%
Magic:  9/9        EV: 12    Int: 11    God:    Kikubaaqudgha [......]
Gold:   213        SH:  0    Dex: 12    Spells: 2 memorised, 7 levels left

rFire  . . .     SeeInvis .     p - +2 hunting sling (flame)
rCold  . . .     Gourm    .     (armour unavailable)
rNeg   . . .     Faith    .     (no shield)
rPois  .         Spirit   .     (helmet restricted)
rElec  .         Dismiss  .     (no cloak)
rCorr  .         Reflect  .     (no gloves)
SustAt .         Harm     .     (no boots)
MR     +....                    (no amulet)
Stlth  +.........               (no ring)
                                m - ring of protection from magic

@: slowed, very slow, somewhat resistant to hostile enchantments, very
unstealthy
A: unfitting armour, cold-blooded, AC +5
a: Renounce Religion


You were on level 4 of the Dungeon.
You worshipped Kikubaaqudgha.
Kikubaaqudgha was noncommittal.
You were not hungry.

You visited 1 branch of the dungeon, and saw 4 of its levels.

You collected 213 gold pieces.

Inventory:

Hand Weapons
 c - a +0 dagger
 d - a +0 club
 n - a +0 short sword
 p - a +2 hunting sling of flaming (weapon)
Missiles
 s - 36 stones (quivered)
Jewellery
 m - a ring of protection from magic (left hand)
Wands
 q - a wand of flame (20/48)
 w - a wand of digging (11/24)
Scrolls
 f - a scroll of remove curse {unknown}
 i - a scroll of enchant weapon {unknown}
 j - 5 scrolls of identify {unknown}
 k - 2 scrolls of teleportation {unknown}
 l - 4 scrolls of fog {unknown}
 r - a scroll of magic mapping {unknown}
 t - a scroll of amnesia {unknown}
 v - a scroll of immolation {unknown}
Potions
 e - 2 potions of resistance {unknown}
Books
 a - a book of Conjurations

   Spells                             Type                      Level
   a - Magic Dart                     Conjuration                  1
   b - Searing Ray                    Conjuration                  2
   c - Dazzling Spray                 Conjuration/Hexes            3
   d - Fulminant Prism                Conjuration/Hexes            4
   e - Iskenderun's Mystic Blast      Conjuration                  4
   f - Iskenderun's Battlesphere      Conjuration/Charms           5
 b - the Volume of Evil Secrets

   Spells                             Type                      Level
   a - Animate Skeleton               Necromancy                   1
   b - Regeneration                   Charms/Necromancy            3
Comestibles
 h - 3 meat rations
 o - a royal jelly
 u - a beef jerky


   Skills:
 + Level 1.3 Fighting
 - Level 1.2 Short Blades
 * Level 2.2(2.4) Slings
 - Level 1.0(1.8) Throwing
 + Level 2.3 Dodging
 + Level 2.7 Spellcasting
 + Level 6.2 Conjurations
 + Level 0.2 Necromancy
 + Level 1.0 Evocations


You had 7 spell levels left.
You knew the following spells:

 Your Spells              Type           Power        Failure   Level  Hunger
a - Animate Skeleton      Necr           N/A          30%         1    #......
b - Magic Dart            Conj           ###.         2%          1    #......


Dungeon Overview and Level Annotations

Branches:
Dungeon (4/15)
 Temple: D:4-7

Altars:
Kikubaaqudgha
Sif Muna

Annotations:
D:3 Natasha
D:4 Pikel


Innate Abilities, Weirdness & Mutations

Your plain brown scales are hard (AC +5).
Your body does not fit into most forms of armour.
You are cold-blooded and may be slowed by cold attacks.


Message History

Aim: Pikel, wielding a whip of freezing and wearing a glowing robe (heavily wounded)
The puff of flame hits Pikel.
Pikel is severely wounded.
Evoking this partially-identified wand wasted a few charges.
Pikel hits you but does no damage. The slave hits you.
* * * LOW HITPOINT WARNING * * *
The slave barely misses you. The slave hits you but does no damage.
Zapping:
q - a wand of flame {zapped: 5} (will waste charges)
Press: ? - help, Shift-Dir - straight line, f/p - Pikel
Aim: Pikel, wielding a whip of freezing and wearing a glowing robe (severely wounded)
The puff of flame hits Pikel.
Pikel is almost dead.
Evoking this partially-identified wand wasted a few charges.
Pikel hits you with a whip of freezing.
* * * LOW HITPOINT WARNING * * *
You feel yourself slow down. Pikel freezes you.
* * * LOW HITPOINT WARNING * * *
The slave hits you.
You die...
Kikubaaqudgha rasps: "You have failed me!
Welcome... death!"

## ##. #.. #.. #######
####. ##..p..## #....
#...p@..# ##...
#...Kpp.# #...
#..(....# #...
#.......# #######)..
##.(...## ##.....#...
##......# #......'...
#....(..#####.....##..
#...(..##..##.....##..
#......#...##.....##..


You could see Pikel and 4 slaves.

Vanquished Creatures
  2 orc wizards (D:3)
  Robin (D:2)
  5 adders
  An ooze (D:1)
  2 worms
  3 giant cockroaches
  15 goblins
  4 hobgoblins
  10 jackals
  A quokka (D:2)
  6 bats
  4 giant newts
  12 kobolds
  9 rats
75 creatures vanquished.

Vanquished Creatures (collateral kills)
  A dart slug (D:2)
  A goblin (D:2)
2 creatures vanquished.

Grand Total: 77 creatures vanquished

Notes
Turn   | Place    | Note
--------------------------------------------------------------
     0 | D:1      | georgeearnest the Draconian Wanderer began the quest for the Orb.
     0 | D:1      | georgeearnest set off with: a book of Conjurations, the Volume of Evil Secrets, a potion of curing, a +0 club, a bread ration
     0 | D:1      | Reached XP level 1. HP: 14/14 MP: 3/3
     2 | D:1      | Learned a level 1 spell: Animate Skeleton
     4 | D:1      | Learned a level 1 spell: Magic Dart
   271 | D:1      | Reached XP level 2. HP: 20/20 MP: 5/5
  1753 | D:1      | Reached XP level 3. HP: 23/26 MP: 6/6
  1788 | D:2      | Reached skill level 1 in Dodging
  2006 | D:2      | Noticed Robin
  2016 | D:2      | Killed Robin
  2041 | D:2      | Reached skill level 1 in Short Blades
  2585 | D:2      | Reached skill level 1 in Fighting
  2585 | D:2      | Reached XP level 4. HP: 28/35 MP: 7/7
  2746 | D:2      | Found an ancient bone altar of Kikubaaqudgha.
  2755 | D:2      | Became a worshipper of Kikubaaqudgha
  3478 | D:3      | Reached skill level 1 in Slings
  3542 | D:3      | Found a deep blue altar of Sif Muna.
  3613 | D:3      | Reached XP level 5. HP: 32/40 MP: 9/9
  3815 | D:3      | Noticed Natasha
  3956 | D:4      | Noticed an ogre
  4110 | D:4      | Noticed a slave
  4111 | D:4      | Noticed a slave
  4111 | D:4      | Noticed a slave
  4147 | D:4      | Noticed a slave
  4148 | D:4      | Noticed Pikel
  4183 | D:4      | Slain by a slave

Skill      XL: |  1  2  3  4  5 |
---------------+----------------+-----
Dodging        | 1 2 |  2.3
Short Blades   | 1 |  1.2
Fighting       | 1 |  1.3
Slings         | 1 2 |  2.2
Throwing       | |  1.0
Spellcasting   | |  2.7
Conjurations   | |  6.2
Necromancy     | |  0.2
Evocations     | |  1.0

Action                   |  1- 3 |  4- 6 || total
-------------------------+-------+-------++-------
Melee: Club              |    47 |       ||    47
       Tailslap          |    16 |       ||    16
       Short sword       |   138 |     1 ||   139
 Fire: Hunting sling     |       |    83 ||    83
 Cast: Magic Dart        |    12 |     5 ||    17
       Animate Skeleton  |     4 |     2 ||     6
Evoke: Wand              |       |     3 ||     3
  Use: Potion            |       |     5 ||     5
 Stab: Sleeping          |     1 |       ||     1
  Eat: Bread ration      |     2 |       ||     2
       Meat ration       |       |     1 ||     1
Armor: Skin              |    90 |    13 ||   103
Dodge: Dodged            |   178 |    47 ||   225
